AoeStats
← [RxS]_CloOud_

Arabia

509457789Analyzed
1v1 RM · 6d ago on Sep 26, 2026· 54m 0s· 2 players
Game mode
Random Map
Map size
Tiny (2 player)
Population
200
Speed
Normal
Resources
Standard
Victory
Conquest
Starting age
Dark Age
Ending age
Imperial Age
RankedLock teamsTeams togetherTeam positionsShared explorationLock speedFull tech treeHidden civsTurbo modeCheats
Victory
Defeat
🇺🇸 Bengalis · United States
1449
+16
🇲🇽 Britons · Mexico
1446
-16
[RxS]_CloOud_
7:53 Loom
14:19 Feudal Age
19:48 Castle Age
18:19 Fletching
20:04 Crossbowman
20:39 Bodkin Arrow
21:02 Double-Bit Axe
23:26 Bow Saw
26:09 Scale Barding Armor
26:10 Squires
27:20 Scale Barding Armor
29:26 Wheelbarrow
29:57 Ballistics
30:28 Chain Barding Armor
31:09 Husbandry
31:20 Forging
31:58 Elite Skirmisher
33:53 Iron Casting
34:11 Padded Archer Armor
39:06 Horse Collar
42:37 Hand Cart
45:35 Imperial Age
43:53 Town Watch
45:12 Pikeman
46:09 Leather Archer Armor
46:17 Bracer
47:54 Chemistry
46:57 Capped Ram
47:48 Halberdier
49:47 Scale Mail Armor
50:19 Ring Archer Armor
50:57 Town Patrol
52:11 Conscription
54:02 Two-Man Saw
52:32 Man-at-Arms
52:42 Arbalester
54:47 Blast Furnace
54:45 Chain Mail Armor
Feudalplay
6:24 Loom
8:48 Feudal Age
9:23 Double-Bit Axe
18:27 Castle Age
18:44 Fletching
19:24 Bow Saw
21:52 Bodkin Arrow
23:24 Wheelbarrow
27:02 Ballistics
38:55 Imperial Age
36:57 Husbandry
37:08 Bloodlines
38:14 Padded Archer Armor
39:40 Bracer
40:44 Chemistry
44:09 Hand Cart
44:33 Leather Archer Armor
46:54 Ring Archer Armor
47:51 Paiks
47:12 Elite Elephant Archer
48:32 Forging
50:39 Pikeman
51:20 Scale Mail Armor
51:32 Halberdier
52:24 Squires
52:41 Chain Mail Armor
52:28 Elite Skirmisher
53:31 Light Cavalry
Connection lost

Rejoining the realm…

Still unreachable

The connection could not be restored.

Session expired

The server has moved on; the page needs a fresh start.